 Dungeon Crawl Stone Soup version 0.22-a0-460-g49b1da7 (webtiles) character file.

1016 Cunctator the Geomancer (level 8, -4/44 HPs)
             Began as a Gargoyle Earth Elementalist on June 9, 2018.
             Slain by an orc warrior
             ... wielding a +0 halberd
              (17 damage)
             ... on level 6 of the Dungeon.
             The game lasted 00:25:18 (5710 turns).

Cunctator the Geomancer (GrEE)                      Turns: 5710, Time: 00:25:19

Health: -4/44      AC: 10    Str: 12    XL:     8   Next: 21%
Magic:  1/15       EV: 12    Int: 18    God:
Gold:   312        SH:  0    Dex: 10    Spells: 8/17 levels left

rFire    . . .     SeeInvis .   r - +6 club
rCold    . . .     Gourm    .   (no shield)
rNeg     + . .     Faith    .   s - +0 robe
rPois    ∞         Spirit   .   (no helmet)
rElec    +         Reflect  .   (no cloak)
rCorr    .         Harm     .   (no gloves)
MR       .....                  (no boots)
Stlth    ++........             (no amulet)
HPRegen  0.14/turn              w - ring of wizardry
MPRegen  0.14/turn              m - +3 ring of protection

@: no status effects
A: negative energy resistance 1, electricity resistance, unbreathing,
petrification resistance, rot immunity, AC +5
a: no special abilities


You were on level 6 of the Dungeon.
You were very hungry.

You visited 1 branch of the dungeon, and saw 6 of its levels.

You collected 312 gold pieces.

Inventory:

Hand Weapons
 a - a +0 dagger
 e - a +0 club
 r - a +6 club (weapon)
 u - a +0 hunting sling
 H - a +2 whip of holy wrath
Missiles
 b - 143 stones (quivered)
 t - 46 sling bullets
 z - 3 javelins
Armour
 s - a +0 robe (worn)
 E - a +0 leather armour
Magical Staves
 A - an uncursed staff of wizardry {unknown}
Jewellery
 j - an uncursed amulet of rage
 m - a +3 ring of protection (right hand)
 v - an uncursed ring of stealth {unknown}
 w - a ring of wizardry (left hand)
 y - an uncursed ring of protection from cold
Wands
 q - a wand of polymorph (13)
 C - a wand of random effects (20)
Scrolls
 g - a scroll of fear {unknown}
 h - 2 scrolls of identify
 i - 3 scrolls of teleportation
 k - 2 scrolls of immolation {unknown}
 l - a scroll of remove curse
 B - a scroll of noise {unknown}
 G - a scroll of blinking {unknown}
Potions
 c - a potion of magic {unknown}
 f - 3 potions of lignification
 n - 2 potions of mutation
 p - a potion of ambrosia {unknown}
 x - 2 potions of heal wounds {unknown}
 D - 2 potions of haste
 F - 3 potions of flight {unknown}
 I - a potion of might {unknown}
Comestibles
 d - 12 rations


   Skills:
 + Level 2.0 Fighting
 + Level 1.8 Maces & Flails
 - Level 1.7 Dodging
 - Level 2.2 Stealth
 - Level 5.3 Spellcasting
 + Level 2.6 Conjurations
   Level 0.7 Transmutations
 + Level 8.2 Earth Magic


You had 8 spell levels left.
You knew the following spells:

 Your Spells              Type           Power        Failure   Level  Hunger
a - Sandblast             Erth           ####..       1%          1    None
b - Stone Arrow           Conj/Erth      ###...       1%          3    ##.....
c - Lee's Rapid Deconstr  Erth           ####......   4%          5    ######.

Your spell library contained the following spells:

 Spells                   Type           Power        Failure   Level  Hunger
 Passwall                 Tmut/Erth      ###.....     1%          2    #......
 Petrify                  Tmut/Erth      ###.....     9%          4    ####...


Dungeon Overview and Level Annotations

Branches:
Dungeon (6/15)
 Temple: D:4-7

Altars:
Ashenzari
Cheibriados
Nemelex Xobeh
Okawaru
The Shining One

Annotations:
D:5 exclusion: downstairs
D:6 Menkaure


Innate Abilities, Weirdness & Mutations

You are resistant to torment.
Your stone body is resilient. (AC +5)
You are immune to poison.
You resist negative energy. (rN+)
You are resistant to electric shocks. (rElec)
You can survive without breathing.
You are immune to petrification.
You are immune to rotting.


Message History

Press: ? - help, Shift-Dir - straight line, f/p - orc warrior
Aim: an orc warrior, wielding a halberd and wearing a plate armour (moderately wounded)
The stone arrow hits the orc warrior.
The orc warrior is heavily wounded.
The orc warrior hits you from afar with a halberd!
The quokka closely misses you.
Casting: Stone Arrow (safe; 1% risk of failure)
Confirm with . or Enter, or press ? or * to list all spells.
Aiming: Stone Arrow (safe; 1% risk of failure)
Press: ? - help, Shift-Dir - straight line, f/p - orc warrior
Aim: an orc warrior, wielding a halberd and wearing a plate armour (heavily wounded)
The stone arrow hits the orc warrior.
The orc warrior is almost dead.
The quokka closely misses you.
The orc warrior hits you from afar with a halberd!!
Ouch! That really hurt!
* * * LOW HITPOINT WARNING * * *
The quokka completely misses you.
The orc warrior hits you from afar with a halberd!
You die...

# ##.######
........#
........+
........#######
.).....@.......
......r.######.
.......o+
........#
.$.......
##.###### ...
..


You could see an orc warrior and a quokka.

Vanquished Creatures
  Grinder (D:3)
  An ice beast (D:5)
  2 ogres
  A scorpion (D:4)
  2 hounds
  A bullfrog skeleton (D:4)
  A centaur skeleton (D:5)
  An orc wizard (D:4)
  Jessica (D:3)
  Terence (D:2)
  3 worker ants
  A hound skeleton (D:4)
  A worker ant zombie (D:6)
  8 adders
  3 oozes (D:1)
  2 worms
  5 dart slugs
  4 leopard geckos
  13 orcs
  2 ball pythons
  4 giant cockroaches
  14 goblins
  7 hobgoblins
  8 jackals
  4 quokkas
  10 bats
  2 frilled lizards
  A jackal zombie (D:5)
  8 kobolds
  A leopard gecko skeleton (D:4)
  A quokka skeleton (D:6)
  8 rats
122 creatures vanquished.

Notes
Turn   | Place    | Note
-------+----------+-------------------------------------------
     0 | D:1      | Cunctator the Gargoyle Earth Elementalist began the quest for the Orb.
     0 | D:1      | Reached XP level 1. HP: 10/10 MP: 3/3
    64 | D:1      | Reached skill level 4 in Earth Magic
    64 | D:1      | Reached XP level 2. HP: 4/15 MP: 3/5
   692 | D:1      | Reached XP level 3. HP: 15/19 MP: 6/6
   697 | D:1      | Learned a level 3 spell: Stone Arrow
  1646 | D:2      | Found a snail-covered altar of Cheibriados.
  1876 | D:2      | Found a faded altar of an unknown god.
  1960 | D:2      | Reached XP level 4. HP: 23/24 MP: 6/8
  2099 | D:2      | Found a sparkling altar of Nemelex Xobeh.
  2335 | D:2      | Found an iron altar of Okawaru.
  2390 | D:3      | Reached skill level 5 in Earth Magic
  2412 | D:3      | Noticed Terence
  2455 | D:2      | Killed Terence
  2712 | D:3      | Reached XP level 5. HP: 22/28 MP: 7/10
  2775 | D:3      | Noticed Jessica
  2858 | D:3      | Killed Jessica
  2928 | D:3      | Noticed Grinder
  2933 | D:3      | Paralysed by Grinder for 7 turns
  2943 | D:3      | Killed Grinder
  2943 | D:3      | Reached skill level 6 in Earth Magic
  2943 | D:3      | Reached XP level 6. HP: 10/32 MP: 8/12
  3098 | D:3      | Reached skill level 7 in Earth Magic
  3098 | D:3      | Reached XP level 7. HP: 25/36 MP: 8/14
  3649 | D:4      | Reached skill level 5 in Spellcasting
  3808 | D:4      | Found a shattered altar of Ashenzari.
  4002 | D:4      | Found a glowing golden altar of the Shining One.
  4414 | D:4      | Reached skill level 1 in Conjurations
  4597 | D:5      | Entered Level 5 of the Dungeon
  4662 | D:5      | Learned a level 5 spell: Lee's Rapid Deconstruction
  4866 | D:5      | Reached skill level 1 in Fighting
  4866 | D:5      | Reached skill level 8 in Earth Magic
  4868 | D:5      | Reached skill level 1 in Maces & Flails
  5044 | D:5      | Reached XP level 8. HP: 43/43 MP: 1/15
  5234 | D:6      | Noticed Menkaure
  5710 | D:6      | Slain by an orc warrior

Vault maps used:
D:1:      erik_arrival_gehennom, minmay_misc_feat_doors
D:2:      kennysheep_slug_shrine, nicolae_overflow_hidden_temple,
          chequers_ecumenical_altar_simple_redux, first_ration,
          okawaru_gym_becter
D:3:      minmay_ogre_servants, uniq_grinder, uniq_jessica, uniq_terence
D:4:      marbit_many_paths, lemuel_crystal_altar
D:6:      tgw_trog, lightli_church_of_beogh, uniq_menkaure

Skill      XL: |  1  2  3  4  5  6  7  8 |
---------------+-------------------------+-----
Earth Magic    | 4 5 6 7 8 |  8.2
Spellcasting   | 3 4 5 |  5.3
Conjurations   | 2 |  2.6
Fighting       | 1 2 |  2.0
Maces & Flails | 1 |  1.8
Dodging        | |  1.7
Stealth        | |  2.2
Transmutations | |  0.7

Action                   |  1- 3 |  4- 6 |  7- 9 || total
-------------------------+-------+-------+-------++-------
Melee: Dagger            |    24 |       |       ||    24
       Club              |   123 |    71 |    89 ||   283
 Cast: Sandblast         |    18 |    30 |    34 ||    82
       Stone Arrow       |       |       |    20 ||    20
       Lee's Rapid Decon |       |       |     2 ||     2
  Use: Scroll            |       |       |     8 ||     8
 Stab: Sleeping          |     2 |       |     2 ||     4
  Eat: Chunk             |     4 |       |     9 ||    13
       Ration            |       |     1 |       ||     1
Armor: Robe              |    97 |    37 |    50 ||   184
Dodge: Dodged            |   165 |    78 |    87 ||   330

Table legend:
 A = Spawn XP
 B = Non-spawn XP
 C = Spawn XP percentage of total XP
 D = Spawn monster count
 E = Non-spawn monster count
 F = Spawn count percentage of total count
 G = Total turns spent on level
                    A         B        C        D         E        F      G
               +---------+---------+-------+---------+---------+-------+---------
         Total |       0 |    1452 |   0.0 |       0 |     122 |   0.0 |  5710
               +---------+---------+-------+---------+---------+-------+---------
           D:1 |       0 |      58 |   0.0 |       0 |      23 |   0.0 |  1412
           D:2 |       0 |      80 |   0.0 |       0 |      20 |   0.0 |  1130
           D:3 |       0 |     498 |   0.0 |       0 |      33 |   0.0 |  1024
           D:4 |       0 |     353 |   0.0 |       0 |      23 |   0.0 |  1031
           D:5 |       0 |     444 |   0.0 |       0 |      20 |   0.0 |  1094
           D:6 |       0 |      19 |   0.0 |       0 |       3 |   0.0 |    19
               +---------+---------+-------+---------+---------+-------+---------
